 Dungeon Crawl Stone Soup version 0.29-a0-617-g7a6b98fccd (webtiles) character file.

Game seed: 3440958087737613067

2 spaghetti the Grave Robber (level 1, -1/13 HPs)
             Began as a Mummy Necromancer on June 17, 2022.
             Slain by a jackal (2 damage)
             ... on level 1 of the Dungeon.
             The game lasted 00:00:43 (48 turns).

spaghetti the Grave Robber (Mummy Necromancer)        Turns: 48, Time: 00:00:44

Health: -1/13      AC:  2    Str: 11    XL:     1   Next: 33%
Magic:  0/4        EV: 12    Int: 14    God:
Gold:   0          SH:  0    Dex: 12    Spells: 4/5 levels left

rFire   x . .      SeeInvis .   (no weapon)
rCold   + . .      Faith    .   (no shield)
rNeg    + + +      Spirit   .   a - +0 robe
rPois   ∞          Reflect  .   (no helmet)
rElec   .          Harm     .   (no cloak)
rCorr   .          Rampage  .   (no gloves)
Will    .....                   (no boots)
Stlth   ++........              (no amulet)
HPRegen 0.04/turn               (no ring)
MPRegen 0.09/turn               (no ring)

@: no status effects
A: cold resistance 1, negative energy resistance 3, torment resistance 2, heat
vulnerability 1, no potions
a: no special abilities


You were on level 1 of the Dungeon.
You visited 1 branch of the dungeon, and saw 1 of its levels.


Innate Abilities, Weirdness & Mutations

You are immune to poison.
Your flesh is cold resistant. (rC+)
You are immune to negative energy. (rN+++)
You are immune to unholy pain and torment.
You are vulnerable to heat. (rF-)
You do not drink.


   Skills:
 - Level 1.5 Dodging
 - Level 1.5 Stealth
 - Level 2.6 Spellcasting
 + Level 4.1 Necromancy


You had 4 spell levels left.
You knew the following spells:

 Your Spells              Type           Power      Damage    Failure   Level
a - Necrotize             Necr           52%        1d6       4%          1

Your spell library contained the following spells:

 Spells                   Type           Power      Damage    Failure   Level
 Vampiric Draining        Necr           13%        2d6       12%         3
 Animate Dead             Necr           13%        N/A       38%         4
 Agony                    Necr           13%        N/A       75%         5

Inventory:

Armour
 a - a +0 robe (worn)

Dungeon Overview and Level Annotations

Branches:
Dungeon (1/15) Zot: 5951

Altars:

###########
#......r..####
......
..####h####...##
...... #.h@#
####.## ......
#...# ##.#
...!.. ###'###
#.##......
##.....##
##h#J.....
#.......#
#r#h.....
+...<...+
#.†......
#.......#
#.#.b>.##
##.....##
#.#......
###+###
$##...##.


You could see 2 jackals.


Message History

You lost 1 mp, and now have 1/4 mp.
Casting: Necrotize (safe; 4% risk of failure)
Confirm with . or Enter, or press ? or * to list all spells.
Aiming: Necrotize (safe; 4% risk of failure)
Press: ? - help, Shift-Dir - straight line, f/p - jackal
Aim: a jackal (lightly wounded, chance to affect: 83%)
The jackal writhes in agony.
The jackal bites you.
* * * LOW HITPOINT WARNING * * *
The jackal closely misses you. The jackal barely misses you. 😨 MP[-1]
You lost 1 mp, and now have 0/4 mp.
Casting: Necrotize (safe; 4% risk of failure)
Confirm with . or Enter, or press ? or * to list all spells.
You don't have enough magic to cast this spell.
Casting: Necrotize (safe; 4% risk of failure)
Confirm with . or Enter, or press ? or * to list all spells.
You don't have enough magic to cast this spell.
Unknown command.
Unknown command. 🤖 Initializing magus.rc ...
Options error: Delay interrupt name "hungry" not recognised. (~/.crawlrc:4761) Options error: Bad monster_list_colour key: strict_neutral (~/.crawlrc:4776) Bad channel name for runrest: 'pray:' ✅ Successfully initialized magus.rc [v1.9.6] Welcome back, spaghetti the Mummy Necromancer.
Press ? for a list of commands and other information.
The jackal attacks as you move away! The jackal bites you.
* * * LOW HITPOINT WARNING * * *
The jackal attacks as you move away! The jackal closely misses you.
Your jackal skeleton closely misses the jackal.
The jackal bites your jackal skeleton. 😨 HP[-1]
You take 1 damage, and now have 4/13 hp.
Unknown command.
Unknown command.
You barely miss the jackal.
Your jackal skeleton closely misses the jackal.
The jackal barely misses you.
You hit the jackal.
Your jackal skeleton bites the jackal.
The jackal bites your jackal skeleton.
Your jackal skeleton misses the jackal.
You completely miss the jackal. You punch the jackal.
The jackal barely misses you.
The jackal barely misses your jackal skeleton.
Your jackal skeleton bites the jackal but does no damage.
You hit the jackal but do no damage.
The jackal barely misses your jackal skeleton.
Your jackal skeleton bites the jackal.
The jackal dies!
You hit the bat but do no damage. The bat barely misses you.
The bat closely misses you.
Your jackal skeleton barely misses the bat.
You barely miss the bat. The bat barely misses you.
Something bites your jackal skeleton.
The jackal barely misses your jackal skeleton. 😨 MP[+1]
The jackal barely misses your jackal skeleton. x2
The jackal barely misses your jackal skeleton.
The jackal bites your jackal skeleton. What are your orders? t - Shout!
Orders for allies: a - Attack new target. r - Retreat! s - Stop attacking. g - Guard the area. f - Follow me.
Anything else - Cancel.
Gang up on whom?
Press: ? - help, Dir - move target, f - jackal
Aim: a jackal Attack!
The jackal bites your jackal skeleton.
Your jackal skeleton is destroyed! 😨 MP[+1]
There is an open door here.
Casting: Necrotize (safe; 4% risk of failure)
Confirm with . or Enter, or press ? or * to list all spells.
Aiming: Necrotize (safe; 4% risk of failure)
Press: ? - help, Shift-Dir - straight line, f/p - jackal
Aim: a jackal (chance to affect: 83%)
The jackal barely resists.
The jackal closely misses you. 😨 MP[-1]
You lost 1 mp, and now have 1/4 mp.
Casting: Necrotize (safe; 4% risk of failure)
Confirm with . or Enter, or press ? or * to list all spells.
Aiming: Necrotize (safe; 4% risk of failure)
Press: ? - help, Shift-Dir - straight line, f/p - jackal
Aim: a jackal (chance to affect: 83%)
The jackal writhes in agony.
The jackal closely misses you. The jackal bites you.
* * * LOW HITPOINT WARNING * * *
😱 HP[-1] MP[-1]
You take 1 damage, and now have 3/13 hp.
You lost 1 mp, and now have 0/4 mp.
Unknown command.
The jackal attacks as you move away! The jackal bites you.
* * * LOW HITPOINT WARNING * * *
😱 HP[-2]
You take 2 damage, and now have 1/13 hp.
You aren't carrying any items that you can evoke.
You can't drink.
You aren't carrying any scrolls.
You hit the jackal but do no damage. The jackal bites you.
You die...

Action                   || total
-------------------------++-------
Melee: Unarmed           ||     7
       Punch             ||     1
 Cast: Necrotize         ||     6
Armor: Robe              ||     1
Dodge: Dodged            ||    18

Levels and vault maps discovered:
D:1:      dpeg_arrival_another_circle, layout_rooms,
          shapermc_ecumenical_altar_rom_forum, nrook_mini_vaults

Notes
Turn   | Place    | Note
-------+----------+-------------------------------------------
     0 | D:1      | spaghetti the Mummy Necromancer began the quest for the
                  | Orb.
     0 | D:1      | Reached XP level 1. HP: 13/13 MP: 4/4
     0 | D:1      | magus.rc [v1.9.6]
    25 | D:1      | magus.rc [v1.9.6]
    46 | D:1      | HP: 3/13 [jackal (1)]
    47 | D:1      | HP: 1/13 [jackal (2)]
    48 | D:1      | Slain by a jackal

Vanquished Creatures
  A jackal (D:1)
1 creature vanquished.

Vanquished Creatures (collateral kills)
  A jackal (D:1)
1 creature vanquished.

Grand Total: 2 creatures vanquished

Table legend:
 A = Non-vault XP
 B = Vault XP
 C = Vault XP percentage of total XP
 D = Non-vault monster count
 E = Vault monster count
 F = Vault count percentage of total count
                 A         B        C        D         E       F
            +---------+---------+-------+---------+---------+-------
      Total |       4 |       0 |   0.0 |       2 |       0 |   0.0
            +---------+---------+-------+---------+---------+-------
        D:1 |       4 |       0 |   0.0 |       2 |       0 |   0.0
            +---------+---------+-------+---------+---------+-------

Illustrated notes

Table legend:
 A = Kills in this place as a percentage of kills in entire the game.
 B = Kills by you in this place as a percentage of kills by you in the entire game.
 C = Kills by friends in this place as a percentage of kills by friends in the entire game.
 D = Other kills in this place as a percentage of other kills in the entire game.
 E = Experience gained in this place as a percentage of experience gained in the entire game.
 F = Experience gained in this place divided by the number of levels of this place that you have seen.
                   A       B       C       D       E      F
               +-------+-------+-------+-------+-------+----------------------
         Total | 100.0 | 100.0 | 100.0 |   N/A | 100.0 |   4.0
       Dungeon | 100.0 | 100.0 | 100.0 |   N/A | 100.0 |   4.0
               +-------+-------+-------+-------+-------+----------------------

Table legend: (Time is in decaauts)
 A = Elapsed time spent in this place.
 B = Non-inter-level travel time spent in this place.
 C = Inter-level travel time spent in this place.
 D = Time resting spent in this place.
 E = Time spent auto-exploring this place.
 F = Levels seen in this place.
 G = Mean time per level.
                   A        B        C        D        E       F      G
               +--------+--------+--------+--------+--------+-----+--------+
         Total |     48 |     48 |      0 |      0 |     19 |   1 |   48.0 |
       Dungeon |     48 |     48 |      0 |      0 |     19 |   1 |   48.0 |
               +--------+--------+--------+--------+--------+-----+--------+

Top non-repeatable levels by time:
     D:1: 48 daAuts
